 Dungeon Crawl Stone Soup version 0.14-a0-2810-g474977d (webtiles) character file.

876 RIDDIMRIDER the Shield-Bearer (level 7, 0/60 HPs)
             Began as a Minotaur Fighter on Feb 25, 2014.
             Slain by an orc
             ... wielding a +2,+2 flail
              (6 damage)
             ... on Level 6 of the Dungeon.
             The game lasted 00:41:53 (4629 turns).

RIDDIMRIDER the Shield-Bearer (Minotaur Fighter)    Turns: 4629, Time: 00:41:53

HP   0/60        AC 12     Str 22      XL: 7   Next: 21%
MP   3/3         EV  6     Int  5      God:
Gold 261         SH 21     Dex 11 (12) Spells:  0 memorised,  6 levels left

rFire  . . .     SeeInvis +     u - +8,+3 dagger of Exhibitionism {stab, rC+ Str+2}
rCold  + . .     Clarity  .     h - +1 chain mail
rNeg   . . .     Conserve .     c - +0 shield
rPois  .         rCorr    .     (helmet restricted)
rElec  .         rRot     .     (no cloak)
SustAb . .       Spirit   .     (no gloves)
rMut   .         Warding  .     j - +0 pair of boots
Saprov . . .     Stasis   +     I - amulet of stasis
MR     .....                    (no ring)
                                G - ring of see invisible

@: not resistant to hostile enchantments, extremely unstealthy
A: retaliatory headbutt, horns 2, agile 1, herbivore 1, weak 1
a: no special abilities


You were on level 6 of the Dungeon.
You were not hungry.

You visited 1 branch of the dungeon, and saw 6 of its levels.

You collected 261 gold pieces.

Inventory:

Hand weapons
 a - a +0,+0 trident
 u - the +8,+3 dagger of Exhibitionism (weapon) {stab, rC+ Str+2}
   (You found it on level 4 of the Dungeon)

   It inflicts extra damage upon your enemies.
   It affects your strength (+2).
   It protects you from cold.
 B - a +0,+0 crossbow
 F - a +2,+1 spear
Missiles
 g - 21 arrows
 v - 8 javelins (quivered)
 z - 2 needles of confusion
Armour
 c - a +0 shield (worn)
 h - a +1 chain mail (worn)
 j - a +0 pair of boots (worn)
Magical devices
 e - a wand of disintegration (7) {unknown}
Comestibles
 d - a bread ration
Scrolls
 f - a scroll of fog {unknown}
 l - 3 scrolls of remove curse
 n - a scroll of magic mapping {unknown}
 o - a scroll of enchant weapon II {unknown}
 p - 4 scrolls of teleportation {unknown}
 r - a scroll of immolation {unknown}
 s - 3 scrolls of recharging {unknown}
 x - 3 scrolls of curse jewellery {unknown}
 y - 3 scrolls of random uselessness {unknown}
 A - a scroll of fear {unknown}
 D - a scroll of amnesia {unknown}
 E - 2 scrolls of identify {unknown}
 J - a scroll of noise {unknown}
Jewellery
 G - a ring of see invisible (left hand)
 I - an amulet of stasis (around neck)
Potions
 i - 2 potions of agility
 t - a potion of confusion
 w - 2 potions of curing
 C - 2 potions of mutation
Books
 H - a book of Wizardry

   Spells                             Type                      Level
   Summon Elemental                   Summoning                    4
   Agony                              Necromancy                   5
   Force Lance                        Conjuration                  5
   Fireball                           Conjuration/Fire             5
   Haste                              Charms                       6
   Invisibility                       Hexes                        6


   Skills:
 + Level 4.6 Fighting
 + Level 1.0 Short Blades
 - Level 3.9 Polearms
 + Level 5.3 Armour
 - Level 4.4 Dodging
 + Level 6.1 Shields


You had 6 spell levels left.
You didn't know any spells.

Dungeon Overview and Level Annotations

Branches:
Dungeon (6/16)
 Temple: D:4-7

Altars:
Nemelex Xobeh
Sif Muna
Yredelemnul
The Shining One

Shops:
D:4 *


Innate Abilities, Weirdness & Mutations

You reflexively headbutt those who attack you in melee.
You have a pair of horns on your head.
You are agile. (Dex +2)
You digest meat inefficiently.
You are weak. (Str -2)


Message History

The black bear claws you but does no damage.
The black bear barely misses you. You block the orc's attack.
Eat which item? (? for menu, Esc to quit)
The kobold hits you but does no damage. You block the black bear's attack.
The black bear claws you but does no damage.
You block the black bear's attack. The orc hits you but does no damage.
You continue eating.
You block the orc's attack. The kobold completely misses you.
You furiously retaliate!
You headbutt the kobold!
You kill the kobold!
You block the black bear's attack. The black bear claws you.
* * * LOW HITPOINT WARNING * * *
You block the black bear's attack. The orc completely misses you.
You finish eating.
That choko was very bland.
Read which item? (? for menu, Esc to quit)
As you read the scroll labeled STRACA NEAGH, it crumbles to dust.
You are wearing:
I - an amulet of stasis (around neck)
You feel a strange sense of stasis.
It was a scroll of blinking.
The orc hits you with a flail.
You die...

.............
........(......
................
....o...........
....o............
..................
.........<......#.
.......So##......#
.......zU@I......#
........o)........
................
................
............####
...........#
..........#
.........# ....


You could see a black bear, an ice beast, an orc wizard, an adder, 3 orcs and a
worker ant zombie.

Vanquished Creatures
  2 crimson imps
  A quasit (D:5)
  2 orc priests (D:4)
  A scorpion (D:4)
  2 hounds
  3 orc wizards
  An iguana (D:5)
  4 worker ants (D:4)
  A hound skeleton (D:4)
  4 adders
  2 giant mites
  An inept item mimic (D:4)
  A giant eyeball (D:4)
  3 oozes
  9 orcs
  7 bats
  A bat skeleton (D:4)
  4 giant cockroaches
  8 hobgoblins
  15 jackals
  2 quokkas
  6 giant newts
  4 goblins
  9 kobolds
  A kobold skeleton (D:4)
  2 orc skeletons
  7 rats
103 creatures vanquished.

Notes
Turn   | Place    | Note
--------------------------------------------------------------
     0 | D:1      | RIDDIMRIDER, the Minotaur Fighter, began the quest for the Orb.
     0 | D:1      | Reached XP level 1. HP: 19/19 MP: 1/1
   186 | D:1      | Found a sparkling altar of Nemelex Xobeh.
   333 | D:1      | Reached XP level 2. HP: 22/27 MP: 1/1
   727 | D:2      | Reached skill level 4 in Shields
   985 | D:2      | Found a deep blue altar of Sif Muna.
  1162 | D:2      | Reached XP level 3. HP: 33/33 MP: 2/2
  1377 | D:2      | Reached skill level 1 in Dodging
  1847 | D:3      | Found a glowing golden altar of the Shining One.
  1971 | D:3      | Reached XP level 4. HP: 40/40 MP: 2/2
  2221 | D:3      | Found a deep blue altar of Sif Muna.
  2461 | D:4      | Reached XP level 5. HP: 12/46 MP: 2/2
  2482 | D:3      | HP: 3/69 [orc wizard/magic dart (5)]
  2484 | D:3      | Reached skill level 5 in Shields
  2710 | D:4      | Found Serav's Assorted Antiques.
  2753 | D:4      | Paralysed by a giant eyeball for 2 turns
  2756 | D:4      | Paralysed by a giant eyeball for 2 turns
  2761 | D:4      | Paralysed by a giant eyeball for 3 turns
  2919 | D:4      | Reached XP level 6. HP: 40/52 MP: 3/3
  3551 | D:4      | Found a basalt altar of Yredelemnul.
  3633 | D:4      | Got an encrusted dagger
  3634 | D:4      | Identified the +8,+3 dagger of Exhibitionism {stab, rC+ Str+2} (You found it on level 4 of the Dungeon)
  3786 | D:5      | Entered Level 5 of the Dungeon
  3821 | D:5      | Reached skill level 5 in Armour
  3910 | D:5      | Reached XP level 7. HP: 41/60 MP: 3/3
  4031 | D:5      | Reached skill level 6 in Shields
  4151 | D:5      | Reached skill level 1 in Short Blades
  4626 | D:6      | Gained mutation: You digest meat inefficiently. [potion of mutation]
  4626 | D:6      | Gained mutation: You are agile. (Dex +2) [potion of mutation]
  4626 | D:6      | Gained mutation: You are weak. (Str -2) [potion of mutation]
  4629 | D:6      | Slain by an orc

Action                   |  1- 3 |  4- 6 |  7- 9 || total
-------------------------+-------+-------+-------++-------
Melee: Trident           |   107 |   147 |       ||   254
       Dagger            |       |    64 |    24 ||    88
  Use: Potion            |       |     8 |     1 ||     9
       Scroll            |       |       |     4 ||     4
